 Dungeon Crawl Stone Soup version 0.30-a0-1103-g25895a7845 (webtiles) character file.

Game seed: 16527067819137572692

2324 gelatine the Magician (level 9, -1/64 HPs)
             Began as a Demonspawn Fire Elementalist on Apr 19, 2023.
             Was an Initiate of Vehumet.
             Shot with an arrow by a centaur (4 damage)
             ... on level 8 of the Dungeon.
             The game lasted 00:16:51 (6287 turns).

gelatine the Magician (DsFE)                        Turns: 6287, Time: 00:16:52

Health: -1/64      AC:  3    Str:  9    XL:     9   Next: 19%
Magic:  2/16       EV: 13    Int: 20    God:    Vehumet [......]
Gold:   344        SH:  0    Dex: 14    Spells: 5/18 levels left

rFire   . . .      SeeInvis .    f - +3 short sword (speed)
rCold   . . .      Faith    .    (no shield)
rNeg    . . .      Spirit   .    a - +0 robe
rPois   .          Reflect  .    (no helmet)
rElec   .          Rampage  .    (no cloak)
rCorr   +                        (gloves unavailable)
Will    .....                    y - +0 pair of boots
Stlth   +++                      (no amulet)
HPRegen 0.30/turn                G - ring of resist corrosion
MPRegen 0.15/turn                (no ring)

@: studying Staves
A: demonic magic 2, demonic touch 3
a: Renounce Religion


You were on level 8 of the Dungeon.
You worshipped Vehumet.
Vehumet was noncommittal.
You visited 1 branch of the dungeon, and saw 7 of its levels.

You collected 344 gold pieces.

Inventory:

Hand Weapons
 f - a +3 short sword of speed (weapon)
 u - a +1 hand axe of electrocution
 v - a +0 short sword of venom
 D - a +4 falchion of freezing
 E - a +3 scimitar of freezing
Armour
 a - a +0 robe (worn)
 t - the +3 ring mail of Xebuer {rElec}
   (You found it on level 3 of the Dungeon)

   rElec:     It insulates you from electricity.
 y - a +0 pair of boots (worn)
Jewellery
 G - a ring of resist corrosion (left hand)
Wands
 n - a wand of mindburst (13)
 s - a wand of flame (59)
 F - a wand of digging (1)
Scrolls
 c - 3 scrolls of enchant weapon {unknown}
 h - 7 scrolls of identify {unknown}
 j - a scroll of silence {unknown}
 k - a scroll of fog {unknown}
 l - 6 scrolls of teleportation {unknown}
 m - a scroll of torment {unknown}
 o - a scroll of enchant armour {unknown}
 p - 2 scrolls of poison {unknown}
 q - 2 scrolls of immolation {unknown}
 w - a scroll of brand weapon {unknown}
Potions
 b - a potion of magic
 d - 4 potions of heal wounds {unknown}
 e - 4 potions of curing {unknown}
 g - 2 potions of haste {unknown}
 i - a potion of experience {unknown}
 r - 2 potions of degeneration {unknown}
 x - 2 potions of attraction {unknown}
 z - 3 potions of resistance {unknown}
 A - a potion of lignification {unknown}
 B - 2 potions of invisibility {unknown}
 C - 3 potions of brilliance {unknown}


   Skills:
 * Level 3.3 Fighting
 * Level 2.4 Short Blades
 * Level 3.3 Armour
 * Level 3.9 Dodging
 * Level 5.1 Stealth
 + Level 5.2 Spellcasting
 * Level 4.1 Conjurations
 * Level 0.6 Hexes
 * Level 0.4 Translocations
 * Level 5.2 Fire Magic
 * Level 0.5 Evocations


You had 5 spell levels left.
You knew the following spells:

 Your Spells              Type           Power      Damage    Failure   Level
a - Foxfire               Conj/Fire      96%        2x1d8     1%          1
b - Scorch                Fire           52%        2d7       1%          2
c - Volatile Blastmotes   Fire/Tloc      32%        2d12      11%         3
d - Inner Flame           Hex/Fire       16%        N/A       11%         3
e - Flame Wave            Conj/Fire      24%        2d8       16%         4

Your spell library contained the following spells:

 Spells                   Type           Power      Damage    Failure   Level
 Shock                    Conj/Air       52%        1d6       4%          1
 Static Discharge         Conj/Air       26%        2-4/arc   8%          2
 Gell's Gravitas          Tloc           7%         N/A       28%         3
 Teleport Other           Tloc           7%         N/A       28%         3
 Vhi's Electric Charge    Tloc/Air       12%        N/A       30%         3
 Swiftness                Air            5%         N/A       34%         3
 Airstrike                Air            2%         2d(1-17)  75%         4
 Summon Lightning Spire   Summ/Air       5%         N/A       75%         4
 Arcjolt                  Conj/Air       6%         1d16      80%         5
 Plasma Beam              Fire/Air       7%         2x1d20    99%         6
 Dispersal                Tloc           3%         N/A       100%        6


Dungeon Overview and Level Annotations

Branches:
Dungeon (8/15)             Temple (0/1) D:5
   Lair: D:8-11

Altars:
Cheibriados
Dithmenos
Hepliaklqana
Nemelex Xobeh
Uskayaw
Vehumet
Yredelemnul


Innate Abilities, Weirdness & Mutations

Spells you cast may paralyse nearby enemies.
Your touch may irresistibly damage your foes and sap their willpower.


Message History

The centaur shoots an arrow.
The arrow barely misses you.
Things that are here:
a bullfrog corpse; a howler monkey corpse
Casting: Scorch (safe; 1% risk of failure)
Confirm with . or Enter, or press ? or * to list all spells.
Flames lash the howler monkey.
The howler monkey is severely wounded.
The howler monkey's fire resistance burns away.
Malevolent energies surge around you.
The howler monkey suddenly stops moving!
The centaur shoots an arrow.
The arrow hits you! The arrow burns you.
Your magical contamination has completely faded away.
The helpless howler monkey fails to defend itself.
You puncture the howler monkey!
You kill the howler monkey!
Vehumet accepts your kill.
Casting: Scorch (safe; 1% risk of failure)
Confirm with . or Enter, or press ? or * to list all spells.
You don't have enough magic to cast this spell.
Unknown command.
You hit the orc priest.
The orc priest is lightly wounded.
The centaur is no longer more vulnerable to fire.
The centaur shoots an arrow.
The arrow hits you.
* * * LOW HITPOINT WARNING * * *
The arrow burns you.
* * * LOW HITPOINT WARNING * * *
The orc priest hits you with a +0 dagger.
* * * LOW HITPOINT WARNING * * *
An orc priest comes into view. It is wielding a +0 dagger.
A magic dart appears from out of thin air!
The magic dart hits you!
* * * LOW HITPOINT WARNING * * *
The orc priest attacks as you move away!
The orc priest barely misses you.
An orc comes into view. It is wielding a +0 flail.
The centaur shoots an arrow.
The arrow barely misses you.
The orc priest miscasts a cantrip.
The centaur shoots an arrow.
The arrow hits you.
You die...

############## ###
#............# #.. .
#.####..####. #.####...
#....<.##.###....#.#
#.#..#.......o†...o#
#.#..####.###†.c.o.#
...... # #@#.#..#
##.##### ##......# #.
########......#### .
#........#.......# #.
#........#..#.#..######..
#........#....<..........
#...........#............
#...†.......>.##.........
#.......##.......#####...


You could see a centaur, 2 orc priests and an orc.

Vanquished Creatures
  A water moccasin (D:7)
  An orc warrior (D:7)
  4 black bears
  A sky beast (D:7)
  2 ogres
  A centaur (D:7)
  2 phantoms (D:5)
  A kobold brigand (D:7)
  3 bullfrogs
  4 scorpions
  A gnoll sergeant (D:7)
  3 wights (D:7)
  3 howler monkeys (D:8)
  2 hounds
  A jelly (D:7)
  A gnoll bouda (D:7)
  Terence (D:3)
  3 iguanas (D:5)
  Ijyb (D:3)
  2 orc wizards (D:7)
  3 gnolls (D:7)
  5 adders
  A worm (D:3)
  2 dart slugs
  8 orcs
  6 ball pythons
  4 bats
  9 endoplasms
  3 giant cockroaches (D:2)
  12 hobgoblins
  7 jackals
  7 quokkas
  3 frilled lizards
  7 goblins
  13 kobolds
  5 rats
133 creatures vanquished.

Vanquished Creatures (collateral kills)
  A foxfire (D:5)
1 creature vanquished.

Vanquished Creatures (others)
  355 foxfires
355 creatures vanquished.

Grand Total: 489 creatures vanquished

Notes
Turn   | Place    | Note
-------+----------+-------------------------------------------
     0 | D:1      | gelatine the Demonspawn Fire Elementalist began the quest
                  | for the Orb.
     0 | D:1      | Reached XP level 1. HP: 13/13 MP: 3/3
   553 | D:1      | Gained mutation: Spells you cast may paralyse adjacent
                  | enemies. [demonic ancestry]
   553 | D:1      | Reached XP level 2. HP: 19/19 MP: 1/5
  1220 | D:2      | Gained mutation: Your touch may inflict minor irresistible
                  | damage on your foes. [demonic ancestry]
  1220 | D:2      | Reached XP level 3. HP: 24/24 MP: 0/6
  1858 | D:2      | Reached skill level 1 in Armour
  2216 | D:3      | Reached XP level 4. HP: 31/31 MP: 0/7
  2304 | D:3      | Learned a level 2 spell: Scorch
  2308 | D:3      | Learned a level 3 spell: Volatile Blastmotes
  2591 | D:3      | Noticed Ijyb
  2604 | D:3      | Killed Ijyb
  2611 | D:3      | Noticed Terence
  2617 | D:3      | Killed Terence
  2690 | D:3      | Identified the +3 ring mail of Xebuer {rElec}
  2708 | D:3      | Found a faded altar of an unknown god.
  2986 | D:3      | Reached skill level 1 in Fighting
  3379 | D:4      | Gained mutation: Your touch may inflict irresistible damage
                  | on your foes. [demonic ancestry]
  3379 | D:4      | Reached XP level 5. HP: 37/37 MP: 9/9
  3397 | D:4      | Noticed an ogre
  3407 | D:4      | Killed an ogre
  3653 | D:4      | Gained mutation: Your touch may irresistibly damage your
                  | foes and sap their willpower. [demonic ancestry]
  3653 | D:4      | Reached XP level 6. HP: 38/43 MP: 6/10
  3997 | D:4      | Found a hazy altar of Hepliaklqana.
  4004 | D:4      | Found a shadowy altar of Dithmenos.
  4004 | D:4      | Noticed a shadow
  4213 | D:5      | Entered Level 5 of the Dungeon
  4413 | D:5      | Reached XP level 7. HP: 47/49 MP: 12/12
  4484 | D:5      | Found a staircase to the Ecumenical Temple.
  4501 | D:5      | Reached skill level 1 in Short Blades
  4975 | D:5      | Found a hide-covered altar of Uskayaw.
  4976 | D:5      | You fall into a shaft and drop 3 floors!
  4988 | D:7      | Gained mutation: Spells you cast may paralyse nearby
                  | enemies. [demonic ancestry]
  4988 | D:7      | Reached XP level 8. HP: 57/57 MP: 14/14
  5464 | D:7      | Reached skill level 5 in Fire Magic
  5549 | D:7      | Found a snail-covered altar of Cheibriados.
  5549 | D:7      | Found a basalt altar of Yredelemnul.
  5573 | D:7      | Found a large runed translucent door.
  5573 | D:7      | Found a large runed translucent door.
  5672 | D:7      | Reached skill level 5 in Spellcasting
  5911 | D:7      | Reached XP level 9. HP: 50/64 MP: 11/16
  5983 | D:7      | Learned a level 3 spell: Inner Flame
  5988 | D:7      | Learned a level 4 spell: Flame Wave
  6111 | D:7      | Found a radiant altar of Vehumet.
  6123 | D:7      | Found a sparkling altar of Nemelex Xobeh.
  6131 | D:7      | Reached skill level 5 in Stealth
  6168 | D:7      | Became a worshipper of Vehumet
  6286 | D:8      | HP: 2/64 [something/magic dart (8)]
  6287 | D:8      | Shot with an arrow by a centaur

Illustrated notes

Levels and vault maps discovered:
D:1:      lemuel_arrival_funnel, layout_loops_ring, minmay_misc_feat_square,
          chequers_hall_statues_y
D:2:      cheibrodos_greedy_goblins, layout_loops_ring, minmay_joined_circles
D:3:      layout_basic, hellmonk_ecumenical_altar_run_dry, uniq_ijyb,
          uniq_terence
D:4:      layout_rooms, riverfiend_overflow_shadow_ancestor
D:5:      layout_cave_pools, lemuel_round_altar,
          minmay_temple_entry_gardened_gates
D:7:      layout_loops_ring, chequers_temple_overflow_statue_of_worship,
          jmf_multi_god_temple2, minmay_between
D:8:      layout_loops_cross

Skill      XL: |  1  2  3  4  5  6  7  8  9 |
---------------+----------------------------+-----
Fire Magic     | 3 4 5 |  5.2
Dodging        | 2 3 |  3.9
Stealth        | 2 3 4 5 |  5.1
Armour         | 1 2 3 |  3.3
Conjurations   | 2 3 4 |  4.1
Fighting       | 1 2 3 |  3.3
Spellcasting   | 3 4 5 |  5.2
Short Blades   | 1 2 |  2.4
Hexes          | |  0.6
Translocations | |  0.4
Evocations     | |  0.5

Action                     |  1- 3 |  4- 6 |  7- 9 || total
---------------------------+-------+-------+-------++-------
  Melee: Hand axe          |    17 |       |       ||    17
         Unarmed           |     1 |       |       ||     1
         Dagger            |    18 |    22 |       ||    40
         Short sword       |    13 |    28 |    79 ||   120
         Touch             |     3 |     9 |     8 ||    20
         Punch             |       |     1 |       ||     1
   Cast: Foxfire           |    75 |    66 |    82 ||   223
         Scorch            |       |     4 |    18 ||    22
         Inner Flame       |       |       |     1 ||     1
    Use: Potion            |       |     1 |     1 ||     2
   Stab: Paralysed         |     6 |     5 |    25 ||    36
         Sleeping          |       |     4 |     3 ||     7
 Armour: Robe              |     7 |     4 |     5 ||    16
  Dodge: Dodged            |    46 |    17 |    37 ||   100

Table legend: (Time is in decaauts)
 A = Elapsed time spent in this place.
 B = Non-inter-level travel time spent in this place.
 C = Inter-level travel time spent in this place.
 D = Time resting spent in this place.
 E = Time spent auto-exploring this place.
 F = Levels seen in this place.
 G = Mean time per level.
                   A        B        C        D        E       F      G
               +--------+--------+--------+--------+--------+-----+--------+
         Total |   6247 |   5979 |    268 |      0 |   5003 |   7 |  892.4 |
       Dungeon |   6247 |   5979 |    268 |      0 |   5003 |   7 |  892.4 |
               +--------+--------+--------+--------+--------+-----+--------+

Top non-repeatable levels by time:
     D:7: 1217 daAuts
     D:3: 1199 daAuts
     D:2: 1133 daAuts
     D:1: 1046 daAuts
     D:4: 829 daAuts
     D:5: 751 daAuts
     D:8: 69 daAuts
